 Dungeon Crawl Stone Soup version 0.32-a0-711-g016ad743e0 (webtiles) character file.

Game seed: 12154981650974319512

14101 Revguard the Grappler (level 11, -1/113 HPs)
             Began as a Troll Monk on Mar 15, 2024.
             Was an Elder of Wu Jian.
             Slain by an orc warrior
             ... wielding a +0 dire flail
              (16 damage)
             ... on level 12 of the Dungeon.
             The game lasted 00:27:48 (10331 turns).

Revguard the Grappler (Troll Monk)                 Turns: 10331, Time: 00:27:50

Health: -1/113     AC:  9    Str: 21    XL:     11   Next: 84%
Magic:  10/10      EV: 12    Int:  6    God:    Wu Jian [****..]
Gold:   612        SH:  0    Dex: 16    Spells: 10/10 levels left

rFire   . .          .
                       - Unarmed
rCold   . . .        (no shield)
rNeg    . . .        D - +2 troll leather armour
rPois   .            (helmet restricted)
rElec   .            v - +0 cloak
rCorr   .            (gloves unavailable)
SInv    +            (boots unavailable)
Will    .....        (no amulet)
Stlth   +            q - +4 ring of slaying
HPRegen 1.98/turn    e - ring of see invisible
MPRegen 0.12/turn

%: no passive effects
@: lethally poisoned (-1 -> -1), exhausted
A: large, unfitting armour, claws 3, regeneration 1, shaggy fur 1, tough skin 1
a: Renounce Religion, Wall Jump, Serpent's Lash


You were on level 12 of the Dungeon.
You worshipped Wu Jian.
Wu Jian was greatly pleased with you.
You visited 2 branches of the dungeon, and saw 13 of its levels.
You also visited: Bailey.

You collected 786 gold pieces.
You spent 174 gold pieces at shops.

Inventory:

Hand Weapons
 E - the +6 falchion "Ehasut" {freeze, Will+ Str+2 Stlth+}
   (You found it on level 6 of the Dungeon)

   Str+2:     It affects your strength (+2).
   Will+:     It increases your willpower.
   Stlth+:    It makes you more stealthy.
Armour
 c - an orb of light
 v - a +0 cloak (worn)
 D - a +2 troll leather armour (worn)
 H - a +0 robe of willpower
Jewellery
 d - a ring of willpower
 e - a ring of see invisible (right claw)
 q - a +4 ring of slaying (left claw)
 y - an amulet of magic regeneration
Talismans
 i - a blade talisman
Wands
 r - a wand of digging (3)
 t - a wand of polymorph (6)
 w - a wand of warping (1)
Scrolls
 f - 2 scrolls of revelation
 g - 4 scrolls of vulnerability
 h - 7 scrolls of teleportation
 k - a scroll of fog
 s - 3 scrolls of identify
 x - 2 scrolls of enchant weapon
 C - a scroll of blinking
Potions
 b - a potion of ambrosia
 j - 3 potions of enlightenment
 l - 2 potions of cancellation
 m - 2 potions of magic
 n - 2 potions of lignification
 o - 2 potions of berserk rage
 z - 4 potions of haste
 A - 2 potions of invisibility
 B - 3 potions of attraction
 F - 3 potions of resistance
 G - a potion of brilliance
Miscellaneous
 a - a condenser vane


   Skills:
 * Level 8.5 Fighting
 + Level 6.7 Armour
 + Level 7.3 Dodging
 + Level 8.8 Unarmed Combat
 + Level 6.1 Evocations
 + Level 3.6 Shapeshifting


You had 10 spell levels left.
You didn't know any spells.
Your spell library contained the following spells:

 Spells                   Type           Power      Damage    Failure   Level
 Sandblast                Erth           0%         2d4       50%         1
 Slow                     Hex            0%         N/A       50%         1
 Static Discharge         Conj/Air       0%         3-3/arc   65%         2
 Sublimation of Blood     Necr           0%         N/A       65%         2
 Confusing Touch          Hex            0%         N/A       86%         3
 Frozen Ramparts          Ice            0%         1d1       86%         3
 Ozocubu's Armour         Ice            0%         N/A       86%         3
 Stone Arrow              Conj/Erth      0%         3d7       86%         3
 Vampiric Draining        Necr           0%         2d6       86%         3
 Airstrike                Air            0%         2d(0-16)  99%         4
 Brom's Barrelling Bould  Conj/Erth      0%         2d3       99%         4
 Olgreb's Toxic Radiance  Alch           0%         N/A       99%         4
 Petrify                  Alch/Erth      0%         N/A       99%         4
 Summon Lightning Spire   Summ/Air       0%         N/A       99%         4
 Alistair's Intoxication  Alch           0%         N/A       100%        5
 Borgnjor's Vile Clutch   Necr/Erth      0%         N/A       100%        5
 Irradiate                Conj/Alch      0%         3d11      100%        5
 Metabolic Englaciation   Hex/Ice        0%         N/A       100%        5
 Eringya's Noxious Bog    Alch           0%         4d6       100%        6
 Ozocubu's Refrigeration  Ice            0%         4d7       100%        7
 Discord                  Hex            0%         N/A       100%        8


Dungeon Overview and Level Annotations

Branches:
Dungeon (12/15)            Temple (1/1) D:4            Lair (0/5) D:10
 Bailey (visited)
    Orc: D:9-12

Altars:
Ashenzari
Cheibriados
Dithmenos
Elyvilon
Fedhas
Gozag
Hepliaklqana
Kikubaaqudgha
Makhleb
Nemelex Xobeh
Okawaru
Qazlal
Ru
Sif Muna
Trog
Uskayaw
Vehumet
Wu Jian
Xom
Yredelemnul
Zin
The Shining One
Beogh

Shops:
D:10 *   D:12 *

Annotations:
D:12 3 runed translucent doors, exclusion: obsidian statue, bezhaha's ghost, journeyman DjFE


Innate Abilities, Weirdness & Mutations

You are too large for most types of armour.
You have claws for hands.
Your natural rate of healing is unusually fast.
You are covered in fur. (AC +1)
You have tough skin. (AC +1)


Message History

The orc warrior unwields a +0 hand axe.
The orc warrior wields a +0 orcbow.
The orc warrior shoots an arrow.
The arrow hits you.
* * * LOW HITPOINT WARNING * * *
The orc warrior barely misses you.
You see here a +1 dagger of flaming.
You spin and attack the orc warrior.
You claw the orc warrior!
You kill the orc warrior!
The Council accepts your kill.
You spin and attack the orc warrior.
You claw the orc warrior!
The orc warrior is moderately wounded.
You feel sick.
The orc warrior hits you with a +0 dire flail!
* * * LOW HITPOINT WARNING * * *
Aiming: Warp Space
Press: ? - help, Shift-Dir - straight line Space twists violently!
The rupture engulfs the orc priest!
You kill the orc priest!
The Council accepts your kill.
You feel sick.
The orc warrior unwields a +0 orcbow.
The orc warrior wields a +0 hand axe.
The orc warrior completely misses you. The orc warrior barely misses you.
You spin and attack the orc warrior repeatedly.
You claw the orc warrior!
You kill the orc warrior!
The Council accepts your kill.
You spin and attack the orc warrior.
You claw the orc warrior!
The orc warrior is almost dead.
You feel sick.
The orc warrior hits you with a +0 dire flail.
* * * LOW HITPOINT WARNING * * *
Things that are here:
a +0 dagger; a +0 robe You spin and attack the orc warrior repeatedly.
You closely miss the orc warrior.
The orc warrior is almost dead.
You barely miss the orc warrior.
The orc warrior is almost dead.
You feel sick.
The orc warrior hits you with a +0 dire flail!
You die...

................
########........
..........######
...............
#####...######## ## #
#...# ##ß###.## ß# #...#
##...#...#...
####...####...))).....)
..........)))))o@.......
..........)...).)..)....
#..##########...#...#...
... ##ß###ß## ß# .. ####
## # .. #. #
..########.##########.#
......................##


You could see an orc warrior.

Vanquished Creatures
  A boulder beetle (D:12)
  Pikel (D:4)
  An ugly thing (D:11)
  2 manticores
  A cyclops (D:12)
  Joseph (D:7)
  2 gargoyles
  2 unseen horrors
  A rime drake (D:10)
  An unseen horror zombie (D:8)
  2 komodo dragons
  4 trolls
  A polar bear (D:10)
  A shadow (D:12)
  2 vampires
  A wyvern (D:10)
  8 yaks
  2 steam dragons
  2 vampire mosquitoes (D:12)
  Menkaure (D:5)
  Duvessa (D:7)
  10 orc warriors
  2 sky beasts
  2 ice beasts (D:10)
  2 ogres
  A wolf (D:10)
  2 centaurs
  2 lemures (D:4)
  2 phantoms
  3 kobold brigands
  3 bullfrogs
  A wyvern zombie (D:8)
  3 gnoll sergeants
  13 wights (D:8)
  Dowan (D:7)
  6 killer bees (D:8)
  A howler monkey (D:8)
  8 vampire bats (Bailey)
  7 wolf zombies (Bailey)
  A centaur zombie (D:8)
  3 jellies
  5 orc priests
  A gnoll bouda (D:8)
  A hound (D:2)
  Crazy Yiuf (D:7)
  Jessica (D:2)
  2 iguanas
  9 orc wizards
  Natasha (thrice) (D:2)
  3 killer bee zombies (D:8)
  3 howler monkey zombies (D:8)
  Robin (D:4)
  19 orc zombies (Bailey)
  6 adders
  25 gnolls
  A white imp (D:5)
  4 dart slugs
  2 ribbon worms
  45 orcs
  8 ball pythons
  6 endoplasms
  3 giant cockroaches
  15 goblins
  10 hobgoblins
  6 jackals
  8 bats
  3 frilled lizards
  17 kobolds
  5 rats
324 creatures vanquished.

Vanquished Creatures (others)
  2 orcs (D:11)
2 creatures vanquished.

Grand Total: 326 creatures vanquished

Notes
Turn   | Place    | Note
-------+----------+-------------------------------------------
     0 | D:1      | Revguard the Troll Monk began the quest for the Orb.
     0 | D:1      | Reached XP level 1. HP: 22/22 MP: 0/0
   224 | D:1      | Found a faded altar of an unknown god.
   287 | D:1      | Reached XP level 2. HP: 29/29 MP: 1/1
   843 | D:2      | Noticed Natasha
   851 | D:2      | Killed Natasha
   852 | D:2      | Reached XP level 3. HP: 15/36 MP: 2/2
   869 | D:2      | Found a sparkling altar of Nemelex Xobeh.
   921 | D:2      | Reached skill level 1 in Armour
   933 | D:2      | Reached skill level 1 in Evocations
   933 | D:2      | Noticed Natasha
   943 | D:2      | Killed Natasha
   944 | D:2      | Reached XP level 4. HP: 27/44 MP: 3/3
   957 | D:2      | Noticed Natasha
   961 | D:2      | Killed Natasha
  1078 | D:2      | Reached XP level 5. HP: 53/53 MP: 4/4
  1261 | D:2      | Noticed Jessica
  1264 | D:2      | Killed Jessica
  1775 | D:3      | Reached XP level 6. HP: 56/61 MP: 5/5
  2295 | D:4      | Noticed Robin
  2302 | D:4      | Killed Robin
  2498 | D:4      | Noticed Pikel
  2527 | D:4      | Killed Pikel
  2528 | D:4      | Reached XP level 7. HP: 11/70 MP: 6/6
  2723 | D:4      | Found a stormy altar of Qazlal.
  2748 | D:4      | Found a staircase to the Ecumenical Temple.
  2758 | Temple   | Entered the Ecumenical Temple
  2989 | D:4      | Found a sacrificial altar of Ru.
  3141 | D:5      | Entered Level 5 of the Dungeon
  3145 | D:5      | Reached skill level 5 in Unarmed Combat
  3311 | D:5      | Found a burning altar of Makhleb.
  3366 | D:5      | Reached XP level 8. HP: 69/78 MP: 7/7
  3436 | D:5      | Noticed Menkaure
  3442 | D:5      | Killed Menkaure
  4016 | D:6      | Found a hazy altar of Hepliaklqana.
  4025 | D:6      | Found a shadowy altar of Dithmenos.
  4025 | D:6      | Found a hide-covered altar of Uskayaw.
  4025 | D:6      | Found a bloodstained altar of Trog.
  4025 | D:6      | Found a basalt altar of Yredelemnul.
  4030 | D:6      | Found an opulent altar of Gozag.
  4057 | D:6      | Found an ornate altar of the Wu Jian Council.
  4067 | D:6      | Became a worshipper of the Wu Jian Council
  4067 | D:6      | Reached * piety under Wu Jian
  4067 | D:6      | Reached ** piety under Wu Jian
  4223 | D:6      | Found a snail-covered altar of Cheibriados.
  4377 | D:6      | Identified the +6 falchion "Ehasut" {freeze, Will+ Str+2
                  | Stlth+}
  4404 | D:7      | Noticed Joseph
  4410 | D:7      | Killed Joseph
  4418 | D:7      | Found a flagged portal.
  4427 | Bailey   | Entered a bailey
  4489 | Bailey   | Reached skill level 5 in Fighting
  4494 | Bailey   | Reached XP level 9. HP: 66/88 MP: 8/8
  4520 | Bailey   | Reached skill level 5 in Dodging
  4614 | Bailey   | Noticed a gargoyle
  4620 | Bailey   | Killed a gargoyle
  4685 | Bailey   | Reached *** piety under Wu Jian
  4739 | Bailey   | Identified the +3 leather armour "Ovewkyob" {Regen+ Stlth+}
  5293 | D:7      | Noticed Dowan
  5294 | D:7      | Noticed Duvessa
  5303 | D:7      | Killed Duvessa
  5306 | D:7      | Killed Dowan
  5556 | D:7      | Reached skill level 5 in Armour
  5913 | D:7      | Found a runed translucent door.
  5914 | D:7      | Noticed Crazy Yiuf
  5918 | D:7      | Killed Crazy Yiuf
  6022 | D:8      | Found a broken altar of Ashenzari.
  6081 | D:8      | Reached XP level 10. HP: 58/91 MP: 9/9
  6198 | D:8      | Found a bloodstained altar of Trog.
  6320 | D:8      | Reached **** piety under Wu Jian
  6820 | D:8      | Reached skill level 5 in Evocations
  7683 | D:9      | Found a shimmering blue altar of Sif Muna.
  7752 | D:9      | Reached skill level 1 in Shapeshifting
  7976 | D:10     | Entered Level 10 of the Dungeon
  8188 | D:10     | Reached XP level 11. HP: 88/109 MP: 10/10
  8193 | D:10     | Found a staircase to the Lair.
  8297 | D:10     | Found Umodaten's Assorted Antiques.
  8305 | D:10     | Bought a scroll of identify for 58 gold pieces
  8305 | D:10     | Bought a scroll labelled WALAUL DYRILE for 29 gold pieces
  8305 | D:10     | Bought a potion of lignification for 87 gold pieces
  8851 | D:11     | Found a roughly hewn altar of Beogh.
  9537 | D:11     | Noticed a green ugly thing
  9545 | D:11     | Killed a green ugly thing
  9569 | D:11     | Found a hide-covered altar of Uskayaw.
 10155 | D:12     | Found a runed translucent gate.
 10155 | D:12     | Found a runed translucent gate.
 10155 | D:12     | Found a runed translucent gate.
 10157 | D:12     | Found an opulent altar of Gozag.
 10157 | D:12     | Found Moaren's Assorted Antiques.
 10157 | D:12     | Noticed a tengu warrior
 10158 | D:12     | Noticed an obsidian statue
 10159 | D:12     | Noticed an ogre mage
 10160 | D:12     | Noticed bezhaha's ghost (journeyman DjFE)
 10239 | D:12     | Noticed a boulder beetle
 10261 | D:12     | Killed a boulder beetle
 10331 | D:12     | Slain by an orc warrior

Illustrated notes

Levels and vault maps discovered:
D:1:      dpeg_arrival_renting, layout_loops_corners,
          shapermc_ecumenical_altar_venn
D:2:      cheibrodos_old_hovel, layout_loops_cross, basic_altar, uniq_jessica,
          uniq_natasha
D:3:      layout_loops_ring, st_stairs_5, dk_noncrumbling_4, saegor_snake_ambush
D:4:      layout_basic, mainiacjoe_overflow_alcove_1,
          nicolae_qazlal_scattered_showers, minmay_temple_entry_glassed_door,
          uniq_robin, uniq_pikel
D:5:      layout_rooms, lemuel_crystal_altar, uniq_menkaure
D:6:      nicolae_BIG_FREAKIN_CUBE, layout_basic, nicolae_wu_jian_glorious_leap,
          minitemple, kennysheep_slug_shrine
D:7:      layout_basic, enter_bailey_4, uniq_duvessa, uniq_joseph,
          uniq_crazy_yiuf_cottage
D:8:      layout_cave_pods, serial_undead, serial_undead_a, serial_undead_e,
          serial_undead_b, serial_undead_a, serial_undead_e, serial_undead_f,
          hangedman_feature_mirror, st_stairs_2, nicolae_letterblocks
          [nicolae_letter_subblock, nicolae_letter_subblock,
          nicolae_letter_subblock, nicolae_letter_subblock,
          nicolae_letter_subblock, nicolae_letter_subblock,
          nicolae_letter_subblock, nicolae_letter_subblock,
          nicolae_letter_subblock, nicolae_letter_subblock,
          nicolae_letter_subblock, nicolae_letter_subblock,
          nicolae_letter_subblock, nicolae_letter_subblock,
          nicolae_letter_subblock, nicolae_letter_subblock,
          nicolae_letter_subblock, nicolae_letter_subblock,
          nicolae_letter_subblock, nicolae_letter_subblock,
          nicolae_letter_subblock, nicolae_letter_subblock,
          nicolae_letter_subblock, nicolae_letter_subblock,
          nicolae_letter_subblock]
D:9:      layout_basic, lemuel_tele_altar
D:10:     layout_stronghold, hellmonk_lair_entry_icy, serial_rivers,
          chequers_serial_rivers_micro_e, chequers_serial_rivers_micro_c,
          chequers_serial_rivers_micro_c, chequers_serial_rivers_room_a,
          chequers_serial_rivers_small_3, serial_shops,
          nicolae_shop_overgrown_old_shop
D:11:     layout_loops_ring, special_room [special_room_orc],
          nicolae_uskayaw_dance_studio
D:12:     layout_long_grid, david_orc_4, serial_shops, kennysheep_little_box,
          ebering_ghost_gozag
Temple:   nicolae_temple_ecumenical_triangle

Skill      XL: |  1  2  3  4  5  6  7  8  9 10 11 |
---------------+----------------------------------+-----
Armour         | 1 2 3 4 5 6 |  6.7
Evocations     | 1 2 3 4 5 6 |  6.1
Dodging        | 3 4 5 6 7 |  7.3
Fighting       | 3 4 5 6 7 8 |  8.5
Unarmed Combat | 4 5 6 7 8 |  8.8
Shapeshifting  | 2 3 |  3.6

Action                     |  1- 3 |  4- 6 |  7- 9 | 10-12 || total
---------------------------+-------+-------+-------+-------++-------
  Melee: Unarmed           |    47 |   165 |   238 |   436 ||   886
         Punch             |       |       |       |    20 ||    20
 Invoke: Serpent's Lash    |       |       |     1 |     5 ||     6
Ability: Whirlwind         |       |       |    78 |   225 ||   303
         Lunge             |       |       |    20 |    32 ||    52
         Wall Jump         |       |       |     2 |    10 ||    12
  Evoke: Wand              |       |     3 |     4 |    12 ||    19
    Use: Potion            |       |     2 |     7 |     2 ||    11
         Scroll            |       |       |    14 |     6 ||    20
   Stab: Distracted        |       |       |       |     1 ||     1
         Sleeping          |       |       |       |     1 ||     1
 Armour: Robe              |    27 |   140 |   121 |   206 ||   494
         Skin              |       |       |       |    26 ||    26
         Troll leather arm |       |       |       |    92 ||    92
  Dodge: Dodged            |    25 |   109 |   109 |   225 ||   468

Table legend: (Time is in decaauts)
 A = Elapsed time spent in this place.
 B = Non-inter-level travel time spent in this place.
 C = Inter-level travel time spent in this place.
 D = Time resting spent in this place.
 E = Time spent auto-exploring this place.
 F = Levels seen in this place.
 G = Mean time per level.
                   A        B        C        D        E       F      G
               +--------+--------+--------+--------+--------+-----+--------+
         Total |  10297 |   9935 |    362 |    325 |   7646 |  14 |  735.5 |
       Dungeon |   9895 |   9533 |    362 |    289 |   7458 |  12 |  824.6 |
        Temple |     19 |     19 |      0 |      0 |      0 |   1 |   19.0 |
        Bailey |    382 |    382 |      0 |     36 |    188 |   1 |  382.0 |
               +--------+--------+--------+--------+--------+-----+--------+

Top non-repeatable levels by time:
     D:7: 1231 daAuts
     D:8: 1129 daAuts
    D:10: 1033 daAuts
     D:4: 846 daAuts
     D:1: 841 daAuts
    D:11: 840 daAuts
     D:3: 820 daAuts
     D:9: 814 daAuts
     D:6: 719 daAuts
     D:2: 613 daAuts
     D:5: 518 daAuts
    D:12: 485 daAuts
  Bailey: 382 daAuts
  Temple: 19 daAuts
